 Dungeon Crawl Stone Soup version 0.15-a0-2193-g309c75d (console) character file.

25 DeepestElf the Magician (level 2, -1/15 HPs)
             Began as a Deep Elf Ice Elementalist on July 22, 2014.
             Slain by a giant gecko (4 damage)
             ... on Level 2 of the Dungeon.
             The game lasted 00:01:51 (376 turns).

DeepestElf the Magician (Deep Elf Ice Elementalist)  Turns: 376, Time: 00:01:52

HP  -1/15        AC  2     Str  5      XL: 2   Next: 86%
MP   5/9         EV 13     Int 19      God:
Gold 32          SH  0     Dex 15      Spells:  2 memorised,  6 levels left

rFire  . . .     SeeInvis .     h - +0 dagger
rCold  . . .     Clarity  .     a - +0 robe
rNeg   . . .     rCorr    .     (no shield)
rPois  .         rRot     .     (no helmet)
rElec  .         Spirit   .     (no cloak)
SustAb .         Warding  .     (no gloves)
rMut   .         Stasis   .     (no boots)
Gourm  .                        (no amulet)
MR     .....                    (no ring)
                                (no ring)

@: very slightly contaminated, not resistant to hostile enchantments, unstealthy
A: no striking features
a: no special abilities


You were on level 2 of the Dungeon.
You were not hungry.

You visited 1 branch of the dungeon, and saw 2 of its levels.

You collected 32 gold pieces.

Inventory:

Hand weapons
 h - a +0 dagger (weapon)
Armour
 a - a +0 robe (worn)
Comestibles
 c - a bread ration
 l - a beef jerky
Scrolls
 d - 3 scrolls of remove curse {unknown}
 g - 2 scrolls of enchant armour {unknown}
 i - a scroll of amnesia {unknown}
 k - a scroll of fog {unknown}
 m - a scroll of blinking {unknown}
Potions
 e - a potion of curing {unknown}
 f - a potion of heal wounds {unknown}
 j - a potion of confusion {unknown}
Books
 b - a book of Frost

   Spells                             Type                      Level
   *Freeze                            Ice                          1
   *Throw Frost                       Conjuration/Ice              2
   Ozocubu's Armour                   Charms/Ice                   3
   Throw Icicle                       Conjuration/Ice              4
   Summon Ice Beast                   Ice/Summoning                4
   Condensation Shield                Ice                          4


   Skills:
 - Level 2.4 Dodging
 - Level 2.4 Stealth
 - Level 4.0 Spellcasting
 + Level 2.3 Conjurations
 - Level 3.2 Ice Magic


You had 6 spell levels left.
You knew the following spells:

 Your Spells              Type           Power        Failure   Level  Hunger
a - Freeze                Ice            ###.         4%          1    None
b - Throw Frost           Conj/Ice       ##....       10%         2    #......


Dungeon Overview and Level Annotations

Branches:
Dungeon (2/15)

Altars:
Nemelex Xobeh

Annotations:
D:2 Sigmund


Message History

Aiming: Freeze
Press: ? - help, Shift-Dir - straight line, f - giant gecko
Aim: a giant gecko
Okay, then.
The giant gecko bites you.
* * * LOW HITPOINT WARNING * * *
Sigmund casts a spell.
Sigmund flickers and vanishes!
Deactivating autopickup; reactivate with Ctrl-A.
The giant gecko bites you.
* * * LOW HITPOINT WARNING * * *
Casting: Freeze
Confirm with . or Enter, or press ? or * to list all spells.
Aiming: Freeze
Press: ? - help, Shift-Dir - straight line, f - giant gecko
Aim: a giant gecko (clinging)
You miscast Freeze.
You are very lightly contaminated with residual magic.
A chill runs through your body. The giant gecko bites you.
You die...

#.....##..##.####.......)..#####g
#.....##..##.# #................
.....(.......# ..........#####.
#.##.<.....#.# .........# #.
...((.##...#.# ........# #.
#.(#..##..##.# ..##+### #.
#.(.......##.# w..##. #.
......#...##.#####....##.#######.
#.#............l@.......$........
..##.##.#.....g###.............##
####..#.#.##...# ............## #
#..# #.#.# ..............
####....$.##.#.####'##.........##
..............g%.g...............
####...........####..............
# +#.##.### #.............. # ..
... #..............


You could see a worm, a gnoll and a giant gecko.

Vanquished Creatures
  An adder (D:2)
  A giant gecko (D:2)
  A giant cockroach (D:2)
  2 hobgoblins (D:2)
  3 kobolds
  2 bats (D:1)
  2 giant newts (D:2)
  2 goblins
  3 rats
17 creatures vanquished.

Notes
Turn   | Place    | Note
--------------------------------------------------------------
     0 | D:1      | DeepestElf, the Deep Elf Ice Elementalist, began the quest for the Orb.
     0 | D:1      | Reached XP level 1. HP: 10/10 MP: 5/5
    71 | D:2      | Found a sparkling altar of Nemelex Xobeh.
   162 | D:2      | Reached XP level 2. HP: 13/15 MP: 6/8
   172 | D:2      | Learned a level 2 spell: Throw Frost
   219 | D:1      | Reached skill level 4 in Spellcasting
   370 | D:2      | Noticed Sigmund
   376 | D:2      | Slain by a giant gecko

Action                   || total
-------------------------++-------
Melee: Unarmed           ||     2
       Dagger            ||     2
 Cast: Freeze            ||    21
 Stab: Sleeping          ||     1
